Map: Rainfall LE

Players

BabyMarine

  • Race: Terran Terran
  • Spawn Location: 5:00

Lambo - Winner!

  • Race: Zerg Zerg
  • Spawn Location: 11:00

Event: HomeStory Cup XXIX

VOD

Have the link to the VOD?

Description

Time

  • Played on: July 4, 2026, 2:32 p.m.
  • Length: 11:28

All games in this series

Show
View Real Time Build Order
Export as new Build Order

BabyMarine Terran 

Build Orders: Reaper Expand, Hellion Banshee 

Get SALT Encoding   

  8  0:00  SCV  
  9  0:12  SCV  
  10  0:24  SCV  
  10  0:27  Supply Depot  
  11  0:36  SCV  
  12  0:48  SCV  
  13  0:54  Barracks  
  13  1:01  SCV  
  14  1:06  Refinery  
  14  1:13  SCV  
  15  1:25  SCV  
  16  1:40  Orbital Command  
  16  1:48  Reaper  
  17  2:08  Command Center  
  17  2:12  SCV  
  18  2:22  Supply Depot  
  18  2:24  SCV  
  18  2:26  Marine  
  20  2:36  SCV  
  21  2:45  Factory  
  21  2:48  SCV  
  22  2:54  Refinery  
  22  2:55  Barracks Reactor  
  22  3:00  SCV  
  24  3:12  SCV  
  24  3:19  Orbital Command  
  24  3:26  SCV  
  25  3:31  Starport  
  25  3:36  Hellion x2  
  25  3:39  Barracks Tech Lab  
  25  3:40  SCV  
  30  3:46  SCV  
  31  3:52  SCV  
  31  3:55  Supply Depot  
  32  3:58  SCV  
  32  3:59  Hellion x2  
  37  4:09  SCV  
  38  4:10  SCV  
  39  4:18  Banshee  
  39  4:21  SCV, Supply Depot  
  39  4:24  Barracks Tech Lab  
  42  4:26  SCV  
  43  4:32  Hellion x2  
  43  4:33  SCV  
  43  4:38  SCV  
  49  4:44  Supply Depot  
  50  4:45  SCV  
  50  4:47  Barracks  
  50  4:49  Stimpack  
  50  4:51  SCV  
  51  4:58  SCV  
  51  4:59  Barracks  
  52  5:03  SCV  
  53  5:10  SCV  
  53  5:13  Supply Depot, Marine  
  58  5:14  Siege Tank  
  58  5:16  SCV  
  58  5:20  Starport Reactor  
  59  5:21  Supply Depot  
  59  5:23  SCV  
  59  5:28  Refinery, Engineering Bay, SCV  
  61  5:32  Marine  
  62  5:36  SCV  
  62  5:40  SCV  
  62  5:42  Marine x2  
  64  5:49  SCV  
  67  5:50  Command Center  
  67  5:55  Siege Tank, Marine  
  67  5:56  Terran Infantry Weapons Level 1  
  71  6:01  Marine x2  
  71  6:03  Starport Reactor, Supply Depot  
  71  6:04  Marine  
  73  6:10  Refinery  
  74  6:11  Marine  
  74  6:13  Marine  
  74  6:14  SCV x2  
  74  6:16  Supply Depot  
  78  6:19  Marine x2  
  78  6:22  Marine  
  81  6:28  Supply Depot  
  81  6:29  SCV x2, Marine  
  85  6:35  Siege Tank  
  85  6:39  Marine x2  
  90  6:41  Medivac x2  
  90  6:42  Marine  
  95  6:47  Marine  
  95  6:51  Supply Depot  
  95  6:52  Marine, Supply Depot  
  96  6:57  Marine, SCV  
  96  6:58  SCV  
  96  6:59  Combat Shield  
  99  7:06  Marine x2  
  101  7:09  Marine x2  
  101  7:10  SCV  
  101  7:16  SCV  
  101  7:17  Medivac x2  
  101  7:21  Marine  
  107  7:24  Marine  
  107  7:29  SCV, Barracks  
  109  7:30  Barracks  
  109  7:39  Marine x2  
  111  7:48  SCV  
  111  7:49  SCV  
  111  7:50  Orbital Command  
  113  7:56  Marine  
  107  7:59  Marine x3  
  107  8:00  Medivac x2  
  107  8:01  Siege Tank  
  107  8:03  SCV  
  117  8:06  Marine  
  117  8:08  SCV  
  119  8:14  Marine  
  119  8:19  Marine  
  117  8:22  SCV x2  
  114  8:28  SCV  
  114  8:31  Barracks Reactor x2  
  114  8:33  Siege Tank  
  118  8:34  Marine x3, SCV, Factory  
  118  8:35  Supply Depot  
  118  8:37  SCV  
  118  8:40  SCV  
  124  8:49  Supply Depot  
  124  8:50  Command Center, Supply Depot  
  124  8:51  SCV  
  124  8:52  SCV  
  125  8:55  Marine x2  
  125  8:58  Marine  
  125  8:59  Marine  
  125  9:02  Marine  
  130  9:07  Armory, Terran Infantry Armor Level 1  
  130  9:08  Engineering Bay  
  130  9:10  SCV x2, Marine x3  
  130  9:11  Marine  
  130  9:13  Marine  
  136  9:17  Marine x2  
  136  9:22  Marine x2  
  138  9:26  Factory Tech Lab  
  138  9:28  Marine x2  
  138  9:29  SCV x3  
  138  9:30  Siege Tank  
  140  9:33  Marine x3  
  140  9:35  Marine x2  
  145  9:40  Medivac x2  
  145  9:42  Marine x2  
  151  9:48  Marine  
  151  9:51  Marine x4  
  154  9:53  Marine  
  154  9:54  Siege Tank, Refinery  
  154  9:55  Refinery  
  154  9:58  Marine  
  155  10:00  Marine x2  
  155  10:02  Siege Tank  
  155  10:06  Marine  
  151  10:09  Marine  
  151  10:10  Sensor Tower  
  148  10:19  Sensor Tower, SCV  
  148  10:20  SCV x2, Marine  
  148  10:21  Marine x2  
  154  10:25  Medivac x2  
  154  10:27  Marine  
  154  10:28  Marine x4  
  162  10:35  Siege Tank x2  
  169  10:41  Barracks  
  169  10:47  SCV x2  
  169  10:48  SCV  
  172  10:50  Marauder  
  174  11:01  Sensor Tower  
  174  11:04  Barracks  
  174  11:06  Barracks  
  174  11:07  SCV  
  174  11:10  Marine  
  174  11:11  SCV  
Show
View Real Time Build Order
Export as new Build Order

Lambo Zerg - Winner!

Build Orders: Hatch First 

Get SALT Encoding   

  8  0:00  Drone  
  9  0:11  Drone  
  10  0:16  Drone  
  11  0:22  Drone  
  12  0:32  Overlord  
  12  0:40  Extractor  
  12  0:41  Drone  
  13  0:51  Drone x2  
  15  1:10  Hatchery  
  14  1:14  Drone  
  14  1:18  Drone  
  16  1:21  Drone  
  17  1:35  Spawning Pool  
  17  1:38  Drone  
  17  1:42  Extractor  
  17  1:44  Drone  
  17  1:51  Drone  
  18  2:00  Drone  
  19  2:10  Overlord  
  19  2:20  Drone  
  19  2:22  Queen x2  
  20  2:29  Zergling x2  
  25  2:30  Zergling x2  
  25  2:33  Drone  
  27  2:40  Drone  
  27  2:42  Drone  
  29  2:45  Metabolic Boost  
  28  2:52  Drone x2  
  30  3:04  Drone, Overlord  
  31  3:16  Drone  
  31  3:18  Hatchery  
  31  3:20  Drone  
  31  3:24  Drone x2  
  34  3:31  Queen  
  34  3:33  Overlord  
  36  3:36  Drone  
  37  3:41  Drone x2  
  37  3:42  Drone  
  40  3:51  Overlord  
  40  3:52  Queen  
  40  3:54  Drone  
  43  3:59  Drone  
  43  4:01  Drone  
  43  4:02  Drone x2  
  47  4:03  Drone  
  48  4:12  Drone x2  
  48  4:15  Drone  
  51  4:17  Queen  
  51  4:23  Overlord  
  53  4:25  Drone  
  53  4:29  Queen  
  53  4:31  Queen  
  56  4:38  Zergling x4  
  60  4:39  Overlord  
  60  4:42  Drone x4  
  64  4:46  Overlord  
  64  4:47  Drone  
  64  4:51  Drone x2  
  67  4:53  Baneling Nest  
  67  4:55  Zergling x4  
  67  4:58  Drone x2  
  70  5:02  Drone  
  70  5:05  Drone  
  70  5:06  Drone  
  72  5:13  Drone x6  
  78  5:21  Hatchery, Spore Crawler x2  
  77  5:22  Spore Crawler  
  77  5:24  Drone x3  
  77  5:29  Extractor  
  77  5:32  Evolution Chamber  
  77  5:33  Zergling x4  
  77  5:35  Lair  
  77  5:36  Drone x3  
  77  5:39  Extractor  
  77  5:40  Drone x3  
  77  5:42  Drone  
  83  5:44  Overlord  
  83  5:47  Overlord  
  83  5:48  Overlord  
  83  5:51  Extractor  
  83  5:52  Extractor, Overlord  
  83  5:53  Drone x2  
  83  6:00  Overlord, Extractor  
  83  6:01  Evolution Chamber  
  83  6:03  Overlord  
  83  6:04  Zergling x6  
  84  6:07  Drone x4  
  84  6:09  Queen  
  84  6:11  Drone  
  91  6:15  Zerg Ground Armor Level 1  
  91  6:24  Zergling x12  
  97  6:28  Zerg Melee Weapons Level 1  
  97  6:30  Zergling x6  
  100  6:36  Zergling x12  
  100  6:39  Zergling x2  
  107  6:44  Centrifugal Hooks, Zergling x2  
  108  6:47  Hydralisk Den  
  108  6:48  Zergling x10  
  112  6:54  Zergling x8  
  112  6:55  Zergling x2  
  117  7:02  Zergling x4  
  117  7:06  Overlord  
  119  7:11  Zergling x12  
  119  7:14  Overlord  
  125  7:16  Zergling x10  
  125  7:18  Overlord  
  130  7:24  Baneling x10  
  130  7:25  Zergling x10  
  135  7:30  Baneling  
  135  7:34  Zergling x12  
  141  7:39  Baneling x2  
  141  7:41  Baneling x10  
  141  7:42  Baneling, Zergling x2  
  141  7:43  Zergling x2  
  143  7:47  Overlord  
  143  7:48  Baneling  
  143  7:49  Baneling x3, Overlord  
  143  7:50  Overlord  
  141  7:51  Overlord  
  141  7:52  Muscular Augments  
  122  7:58  Zergling x12  
  122  8:01  Zergling x6  
  127  8:06  Zergling x6  
  127  8:10  Zergling x2  
  127  8:11  Zergling x6  
  124  8:20  Drone x6  
  124  8:23  Drone x4  
  121  8:30  Drone x2  
  121  8:33  Hydralisk x5  
  133  8:37  Baneling  
  133  8:38  Zerg Ground Armor Level 2  
  133  8:40  Zerg Missile Weapons Level 1  
  133  8:43  Hydralisk  
  133  8:44  Drone x2  
  137  8:53  Hydralisk x4  
  140  8:56  Drone x3  
  140  8:59  Drone  
  140  9:00  Grooved Spines  
  140  9:01  Infestation Pit  
  142  9:08  Hydralisk x4  
  142  9:09  Zergling x2  
  151  9:20  Zergling x8  
  149  9:29  Zergling x6  
  151  9:35  Overlord  
  151  9:36  Baneling x3  
  151  9:37  Overlord  
  151  9:38  Overlord  
  151  9:39  Hive  
  151  9:40  Overlord x2, Hatchery  
  151  9:44  Overseer  
  151  9:46  Overlord  
  151  9:49  Hydralisk  
  151  9:51  Overlord  
  151  9:53  Hatchery  
  150  10:01  Hydralisk x11  
  150  10:06  Hydralisk x3  
  178  10:12  Drone x6  
  184  10:19  Spore Crawler  
  184  10:21  Zergling x12  
  189  10:27  Baneling x3  
  189  10:31  Hydralisk x2  
  189  10:33  Overseer  
  193  10:41  Hatchery  
  193  10:42  Pneumatized Carapace  
  192  10:43  Zergling x14  
  199  10:51  Extractor  
  199  10:56  Zergling x4  
  200  11:00  Overlord  
  200  11:01  Baneling x3  
  197  11:08  Zergling x20  
Tags
 
Add a new tag
Caveats
  • Supply blocks, unpowered buildings, or Contaminate may cause inaccurate times.
  • Supply counts are checked every 10 seconds.